 Dungeon Crawl Stone Soup version 0.30-b1-2-g02819fbbbe (webtiles) character file.

Game seed: 2998275712471225895

66 Flibulle the Cudgeller (level 4, -2/19 (26) HPs)
             Began as a Gargoyle Reaver on July 13, 2023.
             Slain by a kobold
             ... wielding a +5 short sword
              (5 damage)
             ... on level 1 of the Dungeon.
             The game lasted 00:15:39 (846 turns).

Flibulle the Cudgeller (Gargoyle Reaver)             Turns: 846, Time: 00:15:40

HP:   -2/19 (26)    AC:  6    Str: 17    XL:     4   Next: 15%
MP:   6/7           EV: 11    Int: 14    God:
Gold: 49            SH:  0    Dex:  8    Spells: 6/7 levels left

rFire   . . .        a - +0 mace
rCold   . . .        (no shield)
rNeg    + . .        b - +0 leather armour
rPois   ∞            (no helmet)
rElec   +            (no cloak)
rCorr   .            (no gloves)
SInv    .            (no boots)
Will    .....        (no amulet)
Stlth   +            (no ring)
HPRegen 0.23/turn    (no ring)
MPRegen 0.10/turn

%: no passive effects
@: very slightly contaminated, very heavily drained
A: sickness immunity, AC +3, negative energy resistance 1, electricity
resistance, torment resistance 1, petrification resistance
a: no special abilities


You were on level 1 of the Dungeon.
You visited 1 branch of the dungeon, and saw 2 of its levels.

You collected 49 gold pieces.

Inventory:

Hand Weapons
 a - a +0 mace (weapon)
Missiles
 c - 4 boomerangs (quivered)
 f - 18 stones
Armour
 b - a +0 leather armour (worn)
Scrolls
 d - a scroll of magic mapping {unknown}
 e - a scroll of enchant armour {unknown}


   Skills:
 - Level 2.1 Fighting
 * Level 4.0 Maces & Flails
 + Level 2.1 Dodging
 - Level 2.0 Spellcasting
 + Level 3.9 Conjurations


You had 6 spell levels left.
You knew the following spells:

 Your Spells              Type           Power      Damage    Failure   Level
a - Kiss of Death         Conj/Necr      24%        2d7       13%         1

Your spell library contained the following spells:

 Spells                   Type           Power      Damage    Failure   Level
 Momentum Strike          Conj/Tloc      12%        3d8       21%         2
 Hailstorm                Conj/Ice       6%         3d4       36%         3
 Ensorcelled Hibernation  Hex/Ice        2%         N/A       41%         2
 Spider Form              Tmut/Pois      1%         N/A       65%         3
 Anguish                  Hex/Necr       0%         N/A       96%         4


Dungeon Overview and Level Annotations

Branches:
Dungeon (2/15)

Altars:


Innate Abilities, Weirdness & Mutations

You are immune to sickness and miasma.
Your stone body is resilient. (AC +3)
You are immune to poison.
You resist negative energy. (rN+)
You are resistant to electric shocks. (rElec)
You are resistant to unholy torment.
You are immune to petrification.


Message History

You have reached level 4!
You feel clever.
Things that are here:
a +0 club; a gnoll corpse You start resting.
Magic restored.
You start resting.
HP restored.
Things that are here:
a +0 club; a gnoll corpse
There is a stone staircase leading down, spattered with blood here.
You see here a +0 dagger.
You climb downwards.
The kobold hits you but does no damage.
The kobold hits you with a +5 short sword.
There is a stone staircase leading up here.
You barely miss the kobold. The kobold closely misses you.
You hit the kobold but do no damage.
The kobold hits you with a +5 short sword.
You closely miss the kobold. The kobold hits you but does no damage.
You barely miss the kobold. The kobold barely misses you.
You hit the kobold but do no damage.
The kobold hits you with a +5 short sword. x2
The kobold barely misses you.
You climb upwards.
There is a stone staircase leading down, spattered with blood here.
You see here a +0 dagger.
Casting: Kiss of Death (safe; 13% risk of failure)
Confirm with . or Enter, or press ? or * to list all spells.
Aiming: Kiss of Death (safe; 13% risk of failure)
Press: ? - help, Shift-Dir - straight line, f - kobold
Aim: a kobold, wielding a +5 short sword (100% to hit)
You miscast Kiss of Death.
You are very lightly contaminated with residual magic.
Nothing appears to happen.
The kobold hits you with a +5 short sword.
* * * LOW HITPOINT WARNING * * *
You miss the kobold. The kobold misses you.
You hit the kobold but do no damage.
The kobold hits you with a +5 short sword.
You die...

#...........##.......####.#..
#...........###....####...#.#
#...........###'####.#>.....#
#.#...#...#.##..#..........##
#)############............###
#.# ####..............
###.##########............#####
#............)K##.......###
##############@.........#
#####.##.......#
###.....##########
####...####################
#..........................
###########################


You could see a kobold.

Vanquished Creatures
  2 adders (D:2)
  A gnoll (D:1)
  7 endoplasms
  3 giant cockroaches (D:1)
  4 goblins (D:1)
  2 hobgoblins (D:1)
  4 jackals (D:1)
  A quokka (D:1)
  3 ball pythons (D:1)
  A bat (D:1)
  A frilled lizard (D:1)
  2 kobolds (D:1)
  3 rats (D:1)
34 creatures vanquished.

Notes
Turn   | Place    | Note
-------+----------+-------------------------------------------
     0 | D:1      | Flibulle the Gargoyle Reaver began the quest for the Orb.
     0 | D:1      | Reached XP level 1. HP: 12/12 MP: 3/3
   119 | D:1      | Reached XP level 2. HP: 15/16 MP: 5/5
   312 | D:1      | Found a faded altar of an unknown god.
   444 | D:1      | Reached XP level 3. HP: 18/21 MP: 6/6
   743 | D:2      | Reached skill level 4 in Maces & Flails
   757 | D:1      | HP: 1/21 [gnoll/+0 club (7)]
   760 | D:1      | Reached XP level 4. HP: 2/19 MP: 4/7
   846 | D:1      | Slain by a kobold

Illustrated notes

Levels and vault maps discovered:
D:1:      dpeg_arrival_long_road, layout_rooms, chequers_ecumenical_altar_twisty
D:2:      layout_loops_ring, minmay_pentomino_v4

Skill      XL: |  1  2  3 |
---------------+----------+-----
Dodging        | 2 |  2.1
Maces & Flails | 4 |  4.0
Fighting       | |  2.1
Spellcasting   | |  2.0
Conjurations   | |  3.9

Action                     |  1- 3 |  4- 6 || total
---------------------------+-------+-------++-------
  Melee: Mace              |   102 |     7 ||   109
         Punch             |     1 |       ||     1
   Cast: Kiss of Death     |     3 |       ||     3
 Armour: Leather armour    |    34 |     2 ||    36
  Dodge: Dodged            |    55 |     4 ||    59
